 Dungeon Crawl Stone Soup version 0.22.1-1-ga44c0e5 (webtiles) character file.

103 Goblin1989 the Cutter (level 5, -1/35 HPs)
             Began as a Halfling Berserker on Oct 22, 2018.
             Was a Believer of Trog.
             Slain by a gnoll (6 damage)
             ... on level 2 of the Dungeon.
             The game lasted 00:05:39 (1727 turns).

Goblin1989 the Cutter (Halfling Berserker)          Turns: 1727, Time: 00:05:40

Health: -1/35      AC:  2    Str: 18    XL:     5   Next: 6%
Magic:  5/5        EV: 15    Int:  5    God:    Trog [**....]
Gold:   73         SH:  0    Dex: 15    Spells: 4/4 levels left

rFire    . . .     SeeInvis .   a - +0 short sword
rCold    . . .     Gourm    .   (shield restricted)
rNeg     . . .     Faith    .   b - +0 animal skin
rPois    .         Spirit   .   (no helmet)
rElec    .         Reflect  .   (no cloak)
rCorr    .         Harm     .   (no gloves)
MR       .....                  (no boots)
Stlth    ++........             (no amulet)
HPRegen  0.11/turn              (no ring)
MPRegen  0.09/turn              (no ring)

@: no status effects
A: small, mutation resistance 1
a: Berserk, Trog's Hand, Renounce Religion


You were on level 2 of the Dungeon.
You worshipped Trog.
Trog was pleased with you.
You were near starving.

You visited 1 branch of the dungeon, and saw 2 of its levels.

You collected 73 gold pieces.

Inventory:

Hand Weapons
 a - a +0 short sword (weapon)
Missiles
 f - 54 stones (quivered) {@Q3}
 g - 3 bolts
Armour
 b - a +0 animal skin (worn)
Jewellery
 j - an uncursed ring of poison resistance {unknown}
 n - a +6 ring of strength {unknown}
Scrolls
 i - 3 scrolls of remove curse {unknown}
 k - a scroll of fog {unknown}
 o - a scroll of random uselessness {unknown}
 q - 2 scrolls of identify {unknown}
 t - a scroll of amnesia {unknown}
Potions
 l - a potion of brilliance {unknown}
 s - a potion of lignification {unknown}
Comestibles
 e - 4 rations


   Skills:
 - Level 2.6 Fighting
 * Level 5.9 Short Blades
 - Level 2.1 Armour
 - Level 2.1 Dodging
 + Level 2.2 Stealth


You had 4 spell levels left.
You didn't know any spells.
Your spell library was empty.

Dungeon Overview and Level Annotations

Branches:
Dungeon (2/15)

Altars:


Innate Abilities, Weirdness & Mutations

You are small and have problems with some larger weapons.
You are somewhat resistant to further mutation.


Message History

Your skin crawls.
You feel resistant to hostile enchantments.
You are feeling very hungry.
The gnoll hits you from afar with a spear.
The gnoll misses you.
You take 4 damage, and have 22/30 hp.
The gnoll hits you with a spear!
* * * LOW HITPOINT WARNING * * *
The frilled lizard unfolds its giant frill.
You take 11 damage, and have 11/30 hp.
MASSIVE DAMAGE!!
You barely miss the gnoll. The gnoll hits you with a spear.
* * * LOW HITPOINT WARNING * * *
You puncture the gnoll!
The gnoll is heavily wounded.
The gnoll misses you.
You closely miss the gnoll.
The gnoll is heavily wounded.
The gnoll closely misses you. The gnoll hits you but does no damage.
You closely miss the gnoll.
The gnoll is heavily wounded.
The gnoll hits you with a spear.
* * * LOW HITPOINT WARNING * * *
You take 3 damage, and have 10/30 hp.
You hit the gnoll.
You kill the gnoll!
Trog accepts your kill.
You have reached level 5!
You feel agile.
You regained 3 hp, and now have 13/35 hp.
MP restored: 5 Unknown command.
Unknown command.
You hit the gnoll.
The gnoll is lightly wounded.
You feel the effects of Trog's Hand fading.
The gnoll barely misses you.
You completely miss the gnoll.
The gnoll is lightly wounded.
The gnoll misses you.
You barely miss the gnoll.
The gnoll is lightly wounded.
The gnoll closely misses you.
You regained 2 hp, and now have 17/35 hp.
You barely miss the gnoll.
The gnoll is lightly wounded.
The gnoll barely misses you. x2
You hit the gnoll but do no damage.
The gnoll is lightly wounded.
Your skin stops crawling.
You feel less resistant to hostile enchantments.
The gnoll hits you.
You take 2 damage, and have 16/35 hp.
You hit the gnoll but do no damage.
The gnoll is lightly wounded.
The gnoll hits you.
* * * LOW HITPOINT WARNING * * *
You take 6 damage, and have 10/35 hp.
The gnoll barely misses you.
You closely miss the gnoll.
The gnoll is lightly wounded.
The gnoll hits you.
* * * LOW HITPOINT WARNING * * *
You take 1 damage, and have 10/35 hp.
The gnoll completely misses you.
Okay, then.
The gnoll completely misses you. The gnoll misses you. The gnoll hits you.
* * * LOW HITPOINT WARNING * * *
You take 6 damage, and have 5/35 hp.
Unknown command.
Your skin crawls.
You feel resistant to hostile enchantments.
You are near starving!
The gnoll hits you.
* * * LOW HITPOINT WARNING * * *
You take 4 damage, and have 1/35 hp.
The gnoll hits you.
* * * LOW HITPOINT WARNING * * *
You regained 2 hp, and now have 3/35 hp.
The gnoll closely misses you.
You regained 2 hp, and now have 5/35 hp.
The gnoll misses you.
You regained 2 hp, and now have 8/35 hp.
You feel the effects of Trog's Hand fading.
You regained 2 hp, and now have 10/35 hp.
The gnoll hits you.
* * * LOW HITPOINT WARNING * * *
You take 3 damage, and have 7/35 hp.
You regained 2 hp, and now have 9/35 hp.
Your skin stops crawling.
You feel less resistant to hostile enchantments.
The gnoll hits you.
* * * LOW HITPOINT WARNING * * *
You take 5 damage, and have 4/35 hp.
The gnoll closely misses you.
You feel yourself speed up.
You recover from your berserk rage.
The gnoll hits you.
You die... ██████

.....███████ █......
............ ........
████.██████ █........
.........██ █........
████████..████████........
█.................... ....
█.......█.████████.██%....
█.).............@g..∆.....
█..........███████.██.....
█..............l...........
█..........███████.█.......
█.█▲███...l..............█
..█ █.....l█████.......█
..█ ...███.....l.........█.
..█ ██. █...█████.......∆g
..█ █ ███.█.█████.......█.


You could see a gnoll.

Vanquished Creatures
  Natasha (D:2)
  3 gnolls
  A worm (D:2)
  A dart slug (D:2)
  A leopard gecko (D:2)
  2 giant cockroaches (D:1)
  2 goblins
  2 hobgoblins (D:1)
  14 jackals
  3 kobolds (D:1)
  3 ball pythons (D:1)
  2 bats (D:1)
  A frilled lizard (D:2)
  5 rats
41 creatures vanquished.

Notes
Turn   | Place    | Note
-------+----------+-------------------------------------------
     0 | D:1      | Goblin1989 the Halfling Berserker began the quest for the
                  | Orb.
     0 | D:1      | Reached XP level 1. HP: 15/15 MP: 1/1
   199 | D:1      | Reached skill level 4 in Short Blades
   205 | D:1      | Reached XP level 2. HP: 20/20 MP: 2/2
   498 | D:1      | Reached XP level 3. HP: 24/25 MP: 3/3
   519 | D:1      | Reached ** piety under Trog
   519 | D:1      | Reached skill level 5 in Short Blades
   519 | D:1      | Reached skill level 1 in Stealth
  1232 | D:2      | iamserjio: интеренет упалЪ
  1232 | D:2      | Goblin1989: а краш почему?
  1256 | D:2      | Reached XP level 4. HP: 22/30 MP: 4/4
  1358 | D:2      | iamserjio: dunno
  1426 | D:2      | iamserjio: читы подрубал
  1434 | D:2      | Goblin1989: что за читы?
  1663 | D:2      | Noticed Natasha
  1672 | D:2      | iamserjio: бессмертие и тп
  1677 | D:2      | Killed Natasha
  1690 | D:2      | Reached XP level 5. HP: 11/35 MP: 5/5
  1694 | D:2      | Goblin1989: лол
  1694 | D:2      | Goblin1989: в кравл читы появились?
  1695 | D:2      | iamserjio: только тсс
  1696 | D:2      | Goblin1989: ээээ
  1696 | D:2      | Goblin1989: у меня чатик пишется в лог
  1696 | D:2      | Goblin1989: так что это шутка была
  1701 | D:2      | iamserjio: iamserjio left chat
  1705 | D:2      | Goblin1989: :D
  1707 | D:2      | HP: 1/35 [gnoll (6)]
  1727 | D:2      | Slain by a gnoll

Skill      XL: |  1  2  3  4 |
---------------+-------------+-----
Short Blades   | 4 5 |  5.9
Stealth        | 1 2 |  2.2
Fighting       | |  2.6
Armour         | |  2.1
Dodging        | |  2.1

Action                   |  1- 3 |  4- 6 || total
-------------------------+-------+-------++-------
Melee: Short sword       |   113 |    50 ||   163
Invok: Berserk           |     3 |     1 ||     4
       Trog's Hand       |       |     2 ||     2
 Stab: Sleeping          |     1 |       ||     1
  Eat: Chunk             |     4 |     1 ||     5
Armor: Animal skin       |    10 |     5 ||    15
Dodge: Dodged            |    87 |    60 ||   147

Vault maps used:
D:1:      dpeg_arrival_pond
D:2:      first_ration, uniq_natasha
